 Dungeon Crawl Stone Soup version 0.31-a0-524-g2a164cf6a2 (webtiles) character file.

Game seed: 9978620459663914610

5078 AdnanSaban the Basher (level 10, -7/63 HPs)
             Began as a Gargoyle Fighter on Aug 12, 2023.
             Was a High Priest of Okawaru.
             Mangled by an ice devil (19 damage)
             ... summoned by a kobold demonologist
             ... on level 9 of the Dungeon.
             The game lasted 00:09:19 (7712 turns).

AdnanSaban the Basher (Gargoyle Fighter)            Turns: 7712, Time: 00:09:21

Health: -7/63      AC: 25    Str: 24    XL:     10   Next: 56%
Magic:  14/14      EV: 12    Int: 15    God:    Okawaru [*****.]
Gold:   517        SH:  5    Dex:  9    Spells: 9/9 levels left

rFire   . . .        N - +2 morningstar (protect)
rCold   . . .        c - +0 buckler
rNeg    + . .        B - +0 plate armour
rPois   ∞            m - +2 helmet
rElec   +            J - +2 cloak {rCorr}
rCorr   +            o - +1 pair of gloves
SInv    .            C - +0 pair of boots
Will    .....        (no amulet) Stlth
                     e - +5 ring of evasion
HPRegen 0.30/turn    y - +6 ring of intelligence
MPRegen 0.14/turn

%: no passive effects
@: corroded, under a protective aura
A: sickness immunity, AC +7, negative energy resistance 1, electricity
resistance, torment resistance 1, petrification resistance
a: Renounce Religion, Heroism, Finesse, Duel


You were on level 9 of the Dungeon.
You worshipped Okawaru.
Okawaru was extremely pleased with you.
You visited 1 branch of the dungeon, and saw 9 of its levels.

You collected 517 gold pieces.

Inventory:

Hand Weapons
 N - a +2 morningstar of protection (weapon)
Missiles
 i - 11 poisoned darts (quivered)
 s - a boomerang
 F - a silver javelin
Armour
 c - a +0 buckler (worn)
 m - a +2 helmet (worn)
 o - a +1 pair of gloves (worn)
 B - a +0 plate armour (worn)
 C - a +0 pair of boots (worn)
 J - a +2 cloak of preservation (worn)
Jewellery
 e - a +5 ring of evasion (left hand)
 y - a +6 ring of intelligence (right hand)
Wands
 a - a wand of polymorph (6)
 G - a wand of flame (21)
 H - a wand of digging (3)
 I - a wand of light (11)
 K - a wand of iceblast (6)
Scrolls
 f - 2 scrolls of enchant armour {unknown}
 j - 3 scrolls of teleportation {unknown}
 k - 7 scrolls of identify {unknown}
 l - a scroll of brand weapon {unknown}
 p - 2 scrolls of noise {unknown}
 r - 3 scrolls of revelation {unknown}
 t - 3 scrolls of enchant weapon {unknown}
 u - 3 scrolls of vulnerability {unknown}
 w - 3 scrolls of fear {unknown}
 x - a scroll of fog {unknown}
 z - a scroll of amnesia {unknown}
 D - a scroll of immolation {unknown}
 M - 3 scrolls of blinking {unknown}
Potions
 b - 5 potions of heal wounds {unknown}
 d - 3 potions of might
 g - 3 potions of lignification {unknown}
 h - 4 potions of curing {unknown}
 n - a potion of brilliance {unknown}
 q - 2 potions of magic {unknown}
 v - 2 potions of degeneration {unknown}
 A - a potion of berserk rage {unknown}
 E - a potion of enlightenment {unknown}
 L - a potion of mutation {unknown}


   Skills:
 + Level 7.1 Fighting
 + Level 10.2 Maces & Flails
 + Level 2.5 Throwing
 + Level 7.4 Armour
 + Level 2.1 Dodging
 + Level 0.1 Stealth
 + Level 5.8 Shields
 * Level 5.4 Invocations


You had 9 spell levels left.
You didn't know any spells.
Your spell library contained the following spells:

 Spells                   Type           Power      Damage    Failure   Level
 Magic Dart               Conj           0%         1d3       99%         1
 Ensorcelled Hibernation  Hex/Ice        0%         N/A       100%        2
 Inner Flame              Hex/Fire       0%         N/A       100%        3
 Mephitic Cloud           Conj/Pois/Air  0%         N/A       100%        3
 Anguish                  Hex/Necr       0%         N/A       100%        4
 Yara's Violent Unravell  Hex/Tmut       0%         3d3       100%        5
 Enfeeble                 Hex            0%         N/A       100%        7
 Call Imp                 Summ           Unusable   N/A       N/A         2

Dungeon Overview and Level Annotations

Branches:
Dungeon (9/15)             Temple (0/1) D:6
   Lair: D:8-11         Orc: D:9-12

Altars:
Ashenzari
Cheibriados
Elyvilon
Hepliaklqana
Okawaru
Qazlal
Ru
Vehumet
Wu Jian
Xom


Innate Abilities, Weirdness & Mutations

You are immune to sickness and miasma.
Your stone body is resilient. (AC +7)
You are immune to poison.
You resist negative energy. (rN+)
You are resistant to electric shocks. (rElec)
You are resistant to unholy torment.
You are immune to petrification.


Message History

The ufetubus misses you. You block the rust devil's attack.
The orc warrior closely misses you.
The kobold demonologist barely misses you.
The ice devil misses you.
You hit the kobold demonologist.
The kobold demonologist is almost dead.
You block the ufetubus's attack. The ufetubus misses you.
You block the iron imp's attack. The rust devil closely misses you.
The kobold demonologist casts a spell.
The orc warrior closely misses you. The ice devil closely misses you.
You barely miss the kobold demonologist.
The kobold demonologist is almost dead.
The rust devil disappears in a puff of smoke!
The ufetubus hits you but does no damage. x3
The ufetubus closely misses you. The iron imp closely misses you.
The kobold demonologist hits you but does no damage.
The orc warrior hits you but does no damage.
The ynoxinul hits you but does no damage.
The ice devil hits you but does no damage.
You hit the kobold demonologist but do no damage.
The kobold demonologist is almost dead.
The ufetubus hits you but does no damage. x2
The kobold demonologist begins to cast a cantrip, but forgets the words!
The ice devil hits you. The ice devil freezes you!!
* * * LOW HITPOINT WARNING * * *
The ynoxinul hits you but does no damage.
You barely miss the kobold demonologist.
The kobold demonologist is almost dead.
The ufetubus closely misses you. The ufetubus barely misses you.
The iron imp hits you.
* * * LOW HITPOINT WARNING * * *
The ufetubus hits you but does no damage.
The ufetubus barely misses you.
The kobold demonologist hits you but does no damage.
The orc warrior hits you but does no damage.
The ynoxinul gestures.
The ice devil hits you.
* * * LOW HITPOINT WARNING * * *
The ice devil freezes you!!
You die...

##.# #.######....# #
.#.# #........)..# ...
# ##.####.......))..#
... #
.[....#..#####)...#
.(⌠# # #.###
#..##.......#...# #
#.###.#.###...#####(..
# ..............#.{.5.
# #.###.#.####..#5oK#
# ....#.# #..#5@o# #
##..#.# #..#.43# #
#.......# #......# #
..... .## ##.#5.5# #
#..###. .......# # #
#. ######### ###### #
#..... # #...)) #####)


You could see an ice devil (summoned), a kobold demonologist, a ynoxinul
(summoned), an orc warrior, an iron imp (summoned), a white imp (summoned), an
orc and 3 ufetubi.

Vanquished Creatures
  A centaur warrior (D:7)
  Maurice (D:8)
  Maggie (D:6)
  An unseen horror (D:7)
  A troll (D:7)
  A wyvern (D:8)
  A shadow (D:9)
  6 yaks
  3 steam dragons
  An orc warrior (D:6)
  2 ice beasts
  3 black bears
  A phantom (D:6)
  2 kobold brigands
  2 bullfrogs
  4 wights (D:9)
  A howler monkey (D:5)
  A crimson imp (D:8)
  A gnoll bouda (D:7)
  4 orc priests
  3 hounds (D:4)
  2 jellies
  Jessica (D:2)
  3 iguanas
  4 orc wizards
  Robin (D:2)
  4 gnolls (D:7)
  5 adders
  3 white imps
  2 worms (D:2)
  A dart slug (D:1)
  14 orcs
  7 endoplasms
  4 giant cockroaches
  11 goblins
  6 hobgoblins
  2 quokkas
  4 ball pythons
  4 bats
  6 frilled lizards
  16 kobolds
  4 rats
145 creatures vanquished.

Notes
Turn   | Place    | Note
-------+----------+-------------------------------------------
     0 | D:1      | AdnanSaban the Gargoyle Fighter began the quest for the
                  | Orb.
     0 | D:1      | Reached XP level 1. HP: 14/14 MP: 1/1
   214 | D:1      | Reached XP level 2. HP: 19/19 MP: 2/2
   706 | D:2      | Noticed Jessica
   711 | D:2      | Killed Jessica
   712 | D:2      | Reached XP level 3. HP: 24/24 MP: 3/3
   854 | D:2      | Identified the +1 leather armour "Deucwifi" {Drain rCorr
                  | Int+2 SInv}
   910 | D:2      | Noticed Robin
   930 | D:2      | Reached XP level 4. HP: 20/29 MP: 4/4
   936 | D:2      | Killed Robin
  1464 | D:3      | Found a snail-covered altar of Cheibriados.
  1482 | D:3      | Reached skill level 3 in Maces & Flails
  1535 | D:3      | Reached XP level 5. HP: 32/33 MP: 5/5
  1601 | D:3      | Found an iron altar of Okawaru.
  1609 | D:3      | Became a worshipper of Warmaster Okawaru
  1681 | D:3      | Found an ornate altar of the Wu Jian Council.
  2004 | D:4      | Reached skill level 1 in Dodging
  2083 | D:4      | Reached skill level 4 in Maces & Flails
  2083 | D:4      | Reached XP level 6. HP: 35/38 MP: 6/6
  2696 | D:5      | Entered Level 5 of the Dungeon
  2740 | D:5      | Reached * piety under Okawaru
  3171 | D:5      | Found a radiant altar of Vehumet.
  3326 | D:5      | Noticed a black bear
  3338 | D:5      | Killed a black bear
  3374 | D:6      | Noticed Maggie
  3428 | D:6      | Noticed a steam dragon
  3436 | D:6      | Killed a steam dragon
  3437 | D:6      | Reached skill level 5 in Maces & Flails
  3437 | D:6      | Reached XP level 7. HP: 13/44 MP: 7/7
  3531 | D:6      | Reached ** piety under Okawaru
  3532 | D:6      | Reached skill level 5 in Armour
  3685 | D:6      | Reached skill level 6 in Maces & Flails
  3917 | D:6      | Reached XP level 8. HP: 48/48 MP: 8/8
  3973 | D:6      | Killed Maggie
  3973 | D:6      | Reached *** piety under Okawaru
  3974 | D:6      | Reached skill level 5 in Fighting
  3974 | D:6      | Reached skill level 7 in Maces & Flails
  4068 | D:6      | Found a stormy altar of Qazlal.
  4108 | D:6      | Found a hazy altar of Hepliaklqana.
  4234 | D:6      | Found a staircase to the Ecumenical Temple.
  4544 | D:7      | Reached skill level 1 in Invocations
  4567 | D:7      | Noticed a troll
  4835 | D:7      | Killed an unseen horror
  4836 | D:7      | Reached skill level 8 in Maces & Flails
  4836 | D:7      | Reached skill level 5 in Shields
  4836 | D:7      | Reached XP level 9. HP: 43/54 MP: 10/10
  4959 | D:7      | Reached **** piety under Okawaru
  4980 | D:7      | Found a white marble altar of Elyvilon.
  5122 | D:7      | Found a sacrificial altar of Ru.
  5340 | D:7      | Killed a troll
  5341 | D:7      | Reached skill level 1 in Throwing
  5393 | D:8      | Noticed a centaur warrior
  5410 | D:7      | Killed a centaur warrior
  5410 | D:7      | Received a gift from Okawaru
  5411 | D:7      | Reached skill level 9 in Maces & Flails
  5943 | D:8      | Noticed Maurice
  6021 | D:8      | Killed Maurice
  6021 | D:8      | Reached ***** piety under Okawaru
  6022 | D:8      | Reached XP level 10. HP: 13/61 MP: 13/13
  6481 | D:8      | Found a shimmering altar of Xom.
  6708 | D:8      | Reached skill level 5 in Invocations
  6960 | D:9      | Reached skill level 10 in Maces & Flails
  6965 | D:9      | HP: 1/63 [orc priest/nerve-wracking pain (4)]
  7328 | D:9      | Found a broken altar of Ashenzari.
  7690 | D:9      | Noticed a kobold demonologist
  7697 | D:9      | Noticed a rust devil
  7712 | D:9      | Mangled by an ice devil

Illustrated notes

Levels and vault maps discovered:
D:1:      evilmike_arrival_crescent, layout_basic
D:2:      layout_loops_ring, uniq_jessica, uniq_robin
D:3:      layout_rooms, mainiacjoe_overflow_catwalk,
          kennysheep_okawaru_gauntlet, nzn_wu_jian_council_hall
D:4:      layout_loops_ring
D:5:      layout_basic, nicolae_vehumet_radiance
D:6:      layout_basic, worldfamousw_hep_ancestral_shrine,
          amcnicky_altar_gilded, minmay_temple_entry_drinking_statues,
          minmay_misc_feat_tiny, uniq_maggie
D:7:      layout_loops_cross, hangedman_ru_absence, lemuel_tele_altar
D:8:      layout_basic, mainiacjoe_overflow_tiny_flanked,
          minmay_fire_ice_demons, uniq_maurice
D:9:      layout_basic, nicolae_overflow_hidden_temple, enter_bailey_2,
          kennysheep_path_1, minmay_tree_intersection

Skill      XL: |  1  2  3  4  5  6  7  8  9 10 |
---------------+-------------------------------+-----
Armour         | 4 5 6 7 |  7.4
Maces & Flails | 3 4 5 6 8 9 10 | 10.2
Fighting       | 4 5 6 7 |  7.1
Dodging        | 1 2 |  2.1
Shields        | 4 5 |  5.8
Invocations    | 2 4 5 |  5.4
Throwing       | 1 2 |  2.5
Stealth        | |  0.1

Action                     |  1- 3 |  4- 6 |  7- 9 | 10-12 || total
---------------------------+-------+-------+-------+-------++-------
  Melee: Flail             |   101 |   197 |   288 |    94 ||   680
         Morningstar       |       |       |       |    46 ||    46
  Throw: Dart              |       |       |    24 |     4 ||    28
 Invoke: Heroism           |       |       |     1 |       ||     1
 Armour: Scale mail        |    66 |    24 |       |       ||    90
         Chain mail        |       |    90 |     9 |       ||    99
         Plate armour      |       |       |   178 |   104 ||   282
  Dodge: Dodged            |    50 |   144 |   130 |    69 ||   393
  Block: Buckler           |    21 |    50 |    54 |    32 ||   157

Table legend: (Time is in decaauts)
 A = Elapsed time spent in this place.
 B = Non-inter-level travel time spent in this place.
 C = Inter-level travel time spent in this place.
 D = Time resting spent in this place.
 E = Time spent auto-exploring this place.
 F = Levels seen in this place.
 G = Mean time per level.
                   A        B        C        D        E       F      G
               +--------+--------+--------+--------+--------+-----+--------+
         Total |   7800 |   7424 |    376 |    557 |   5192 |   9 |  866.7 |
       Dungeon |   7800 |   7424 |    376 |    557 |   5192 |   9 |  866.7 |
               +--------+--------+--------+--------+--------+-----+--------+

Top non-repeatable levels by time:
     D:8: 1351 daAuts
     D:6: 1098 daAuts
     D:7: 1034 daAuts
     D:9: 807 daAuts
     D:2: 784 daAuts
     D:4: 742 daAuts
     D:5: 736 daAuts
     D:1: 696 daAuts
     D:3: 548 daAuts
